 Dungeon Crawl Stone Soup version 0.31.0-1-g2c135a008e (webtiles) character file.

Game seed: 1131459977522927785

337 qw the Shooter (level 6, -2/47 HPs)
             Began as a Djinni Hunter on Jan 23, 2024.
             Slain by an ogre
             ... wielding a +0 giant spiked club
              (29 damage)
             ... on level 4 of the Dungeon.
             The game lasted 00:00:11 (2902 turns).

qw the Shooter (Djinni Hunter)                      Turns: 2902, Time: 00:00:11

Health: -2/47      AC:  6    Str: 10    XL:     6   Next: 85%
Gold:   50         EV: 13    Int: 10    God:
                   SH:  0    Dex: 19

rFire   + + .        a - +1 shortbow
rCold   x . .        (shield currently unavailable)
rNeg    . . .        c - +0 leather armour
rPois   inf          (no helmet)
rElec   .            j - +0 cloak
rCorr   .            (no gloves)
SInv    .            (boots unavailable)
Will    .....        (no amulet)
Stlth   ++           (no ring)
HPRegen 0.27/turn    (no ring)
MPRegen 0.00/turn

%: infuse magic (-3 HP)
@: flying
A: sickness immunity, fire resistance 2, cold vulnerability 1, float, innate
caster, HP casting, extra vitality 1, iridescent scales 1, deterioration 1,
MP-powered wands
a: no special abilities


You were on level 4 of the Dungeon.
You visited 1 branch of the dungeon, and saw 4 of its levels.

You collected 158 gold pieces.
You spent 108 gold pieces at shops.


Innate Abilities, Weirdness & Mutations

You are immune to sickness and miasma.
You are immune to poison.
Your flesh is very heat resistant. (rF++)
You are vulnerable to cold. (rC-)
You float through the air rather than walking.
You learn spells naturally, not from books.
Your magical power is your life essence.
You have superior vitality. (+4 MHP)
You are partially covered in iridescent scales. (AC +2)
Your body sometimes deteriorates upon taking damage.
You expend health (3 HP) to strengthen your wands.


   Skills:
 - Level 4.1 Fighting
 - Level 5.0 Ranged Weapons
 - Level 1.4 Armour
 + Level 3.0 Dodging
 - Level 0.7 Stealth


You knew the following spells:

 Your Spells              Type           Power      Damage    Failure   Level
a - Freeze                Ice            0%         1d3       45%         1
b - Static Discharge      Conj/Air       0%         3-3/arc   58%         2
Your spell library was empty.

Inventory:

Hand Weapons
 a - a +1 shortbow (weapon)
Armour
 c - a +0 leather armour (worn)
 d - a +0 ring mail
 g - a +0 helmet
 j - a +0 cloak (worn)
Scrolls
 b - 2 scrolls of identify
Potions
 e - a potion of magic {unknown}
 f - a potion of invisibility {unknown}
 h - a potion of heal wounds {unknown}
 i - a potion of might {unknown}
 l - a potion of haste {unknown}

Dungeon Overview and Level Annotations

Branches:
Dungeon (4/15)
 Temple: D:4-7

Altars:

Shops:
D:4 ([


Message History

You can access your shopping list by pressing '$'.
2726 ||| BUYING helmet (108 gold).
g - a +0 helmet Thank you for shopping at Tiump's Antique Armour Shoppe!
You can access your shopping list by pressing '$'.
Found a scale mail.
b - 2 scrolls of identify (gained 1)
You reach down and open the door.
There is an open door here.
h - a cyan potion An orc comes into view.
It is wielding a +0 hand axe.
You shoot an arrow. The arrow hits the orc!
You kill the orc!
Things that are here:
a +0 hand axe; a +0 scale mail You reach down and open the door.
There is an open door here.
You reach down and open the door.
There is an open door here.
There is an open door here.
An ogre comes into view. It is wielding a +0 giant spiked club.
You shoot an arrow. The arrow hits the ogre.
The ogre shouts!
The ogre is moderately wounded.
You hear a shout!
You shoot an arrow. The arrow hits the ogre.
The ogre is heavily wounded.
You shoot an arrow. The arrow hits the ogre.
The ogre is heavily wounded.
An ogre comes into view. It is wielding a +0 giant club.
You shoot an arrow. The arrow hits the ogre.
The ogre is heavily wounded.
The ogre hits you with a +0 giant spiked club!!
You shoot an arrow. The arrow barely misses the ogre.
The arrow hits the ogre.
The ogre is lightly wounded.
You shoot an arrow. The arrow barely misses the ogre.
The arrow hits the ogre.
The ogre is moderately wounded.
The ogre hits you with a +0 giant spiked club!!
Ouch! That really hurt!
You die...

..# #+# ..# ####.#
... ..##.# #.#
#..|.## #.#
..#...##########O#
.#.....#.......#O#
.##...##.#####.#@#
.................#
###..###.#####.###
# #..# #.#####.#
###..# #.......#
.....# #########
####.# #....#
####.#


You could see 2 ogres.

Vanquished Creatures
  An ogre (D:4)
  An orc wizard (D:4)
  3 adders (D:2)
  8 gnolls
  6 ribbon worms
  2 dart slugs (D:3)
  6 orcs
  9 ball pythons
  3 bats (D:1)
  5 endoplasms
  5 giant cockroaches
  7 goblins
  5 hobgoblins (D:1)
  A quokka (D:1)
  7 frilled lizards
  12 kobolds
  4 rats (D:1)
85 creatures vanquished.

Vanquished Creatures (others)
  An orc wizard (D:4)
1 creature vanquished.

Grand Total: 86 creatures vanquished

Notes
Turn   | Place    | Note
-------+----------+-------------------------------------------
     0 | D:1      | qw the Djinni Hunter began the quest for the Orb.
     0 | D:1      | Reached XP level 1. HP: 18/18 MP: 0/0
     0 | D:1      | 0 ||| qw: Version: 0.3-a-135-gb77e89d
     0 | D:1      | 0 ||| qw: Game counter: 900
     0 | D:1      | 0 ||| qw: Melee chars always use a shield: true
     0 | D:1      | 0 ||| qw: God list: Okawaru
     0 | D:1      | 0 ||| qw: Allow faded altars: false
     0 | D:1      | 0 ||| qw: Do Orc after clearing Dungeon:15 true
     0 | D:1      | 0 ||| qw: Do second Lair branch before Depths: true
     0 | D:1      | 0 ||| qw: Lair rune preference: random
     0 | D:1      | 0 ||| qw: Goals: Normal
     0 | D:1      | 0 ||| PLANNING D:1-11
    54 | D:1      | Reached XP level 2. HP: 23/23 MP: 0/0
   404 | D:1      | Reached skill level 4 in Ranged Weapons
   404 | D:1      | Reached XP level 3. HP: 21/28 MP: 0/0
   404 | D:1      | Learned a level 1 spell: Freeze
   774 | D:1      | 774 ||| READING scroll labelled VEEPLA JAETZ.
   774 | D:1      | 774 ||| IDENTIFYING scroll labelled AROS FINOMYXTEILYL
   775 | D:1      | 775 ||| DROPPING scroll of butterflies.
   776 | D:1      | 776 ||| DROPPING scroll of poison.
   982 | D:2      | Reached XP level 4. HP: 25/34 MP: 0/0
  1089 | D:2      | Reached skill level 3 in Fighting
  1741 | D:2      | 1741 ||| READING 2 scrolls of identify.
  1741 | D:2      | 1741 ||| IDENTIFYING green potion
  1742 | D:2      | 1742 ||| READING scroll of identify.
  1742 | D:2      | 1742 ||| IDENTIFYING lumpy coppery potion
  1743 | D:2      | 1743 ||| READING scroll labelled OSIORR GODE.
  1743 | D:2      | 1743 ||| ENCHANTING +0 shortbow.
  1744 | D:2      | 1744 ||| DROPPING potion of degeneration.
  1770 | D:3      | Reached skill level 3 in Dodging
  1813 | D:3      | Reached XP level 5. HP: 38/40 MP: 0/0
  1813 | D:3      | Learned a level 2 spell: Static Discharge
  2279 | D:3      | 2279 ||| UPGRADING to +0 cloak.
  2284 | D:3      | 2284 ||| READING scroll of identify.
  2284 | D:3      | 2284 ||| IDENTIFYING fuming white potion
  2285 | D:3      | 2285 ||| DRINKING potion of mutation.
  2285 | D:3      | Gained mutation: You are partially covered in iridescent
                  | scales. (AC +2) [potion of mutation]
  2285 | D:3      | Gained mutation: Your body sometimes deteriorates upon
                  | taking damage. [potion of mutation]
  2285 | D:3      | Gained mutation: You expend health (3 HP) to strengthen
                  | your wands. [potion of mutation]
  2286 | D:3      | 2286 ||| READING scroll labelled CUNOIH HUNY.
  2287 | D:3      | 2287 ||| READING scroll labelled HIDAR WOARUM.
  2291 | D:3      | 2291 ||| READING scroll labelled QUELIL MOVVET.
  2292 | D:3      | 2292 ||| READING scroll labelled XIUHAST UXUPTI.
  2341 | D:4      | Reached skill level 5 in Ranged Weapons
  2341 | D:4      | Reached XP level 6. HP: 31/46 MP: 0/0
  2341 | D:4      | 2341 ||| FLEEEEING.
  2342 | D:4      | 2342 ||| FLEEEEING.
  2475 | D:4      | 2475 ||| DRINKING potion of curing.
  2475 | D:4      | 2475 ||| (to cure confusion)
  2476 | D:4      | Reached skill level 1 in Armour
  2554 | D:4      | Found Gienlaj's Weapon Shoppe.
  2639 | D:4      | Noticed an ogre
  2648 | D:4      | Killed an ogre
  2718 | D:4      | Found Tiump's Antique Armour Shoppe.
  2726 | D:4      | 2726 ||| SHOPLISTING brightly glowing ring mail (216 gold,
                  | have 158).
  2726 | D:4      | 2726 ||| BUYING helmet (108 gold).
  2726 | D:4      | Bought a helmet for 108 gold pieces
  2896 | D:4      | Noticed an ogre
  2899 | D:4      | Noticed an ogre
  2902 | D:4      | Slain by an ogre

Levels and vault maps discovered:
D:1:      amcnicky_arrival_double_pillar, layout_loops_ring,
          minmay_misc_feat_room, nicolae_titane
D:2:      layout_loops_corners, minmay_small_reverse_x
D:3:      layout_rooms, kennysheep_generic_room_2
D:4:      kennysheep_big_flooded_room, layout_loops_corners,
          lemuel_blue_sif_altar, serial_shops, shop, shop, shop,
          nicolae_shop_back_alley_shop

Skill      XL: |  1  2  3  4  5  6 |
---------------+-------------------+-----
Ranged Weapons | 4 5 |  5.0
Fighting       | 3 4 |  4.1
Dodging        | 3 |  3.0
Armour         | 1 |  1.4
Stealth        | |  0.7

Action                     |  1- 3 |  4- 6 || total
---------------------------+-------+-------++-------
   Fire: Shortbow          |    82 |   193 ||   275
    Use: Scroll            |     1 |     8 ||     9
         Potion            |       |     2 ||     2
 Armour: Leather armour    |    24 |    58 ||    82
  Dodge: Dodged            |    16 |    46 ||    62

Table legend:
 A = Non-vault XP
 B = Vault XP
 C = Vault XP percentage of total XP
 D = Non-vault monster count
 E = Vault monster count
 F = Vault count percentage of total count
                 A         B        C        D         E       F
            +---------+---------+-------+---------+---------+-------
      Total |     356 |     126 |  26.1 |      80 |       6 |   7.0
            +---------+---------+-------+---------+---------+-------
        D:1 |      56 |       0 |   0.0 |      27 |       0 |   0.0
        D:2 |      61 |       6 |   9.0 |      15 |       4 |  21.1
        D:3 |     106 |       0 |   0.0 |      29 |       0 |   0.0
        D:4 |     133 |     120 |  47.4 |       9 |       2 |  18.2
            +---------+---------+-------+---------+---------+-------
